 Dungeon Crawl Stone Soup version 0.29-a0-341-g24ffce5b50 (webtiles) character file.

Game seed: 13098028493618064329

159 spaghetti the Sneak (level 5, -2/54 (55) HPs)
             Began as a Naga Delver on Apr 20, 2022.
             Slain by a necrophage (6 damage)
             ... on level 5 of the Dungeon.
             The game lasted 00:01:39 (869 turns).

spaghetti the Sneak (Naga Delver)                    Turns: 869, Time: 00:01:39

HP:   -2/54 (55)    AC:  3    Str: 15    XL:     5   Next: 40%
MP:   5/5           EV:  9    Int: 12    God:
Gold: 33            SH:  0    Dex: 12    Spells: 4/4 levels left

rFire   . . .      SeeInvis +   a - +0 falchion {long}
rCold   . . .      Faith    .   (no shield)
rNeg    . . .      Spirit   .   b - +0 leather armour
rPois   +          Reflect  .   (no helmet)
rElec   .          Harm     .   (no cloak)
rCorr   .          Rampage  .   (no gloves)
Will    .....                   (no barding)
Stlth   +++.......              (no amulet)
HPRegen 0.18/turn               (no ring)
MPRegen 0.09/turn               (no ring)

@: short of breath, hasted, lightly drained, quick
A: AC +1, large, see invisible, deformed body, poison resistance, slowness 2,
spit poison 1, naga tail 1
a: Spit Poison


You were on level 5 of the Dungeon.
You visited 1 branch of the dungeon, and saw 2 of its levels.

You collected 33 gold pieces.


Innate Abilities, Weirdness & Mutations

Your serpentine skin is tough. (AC +1)
You have supernaturally acute eyesight. (SInv)
Armour fits poorly on your strangely shaped body.
Your system is resistant to poisons. (rPois)
You cover ground very slowly.
You can spit poison.
You have a snake-like lower body.


   Skills:
 + Level 5.9 Fighting
 - Level 2.0 Long Blades
 - Level 1.5 Dodging
 - Level 7.2 Stealth


You had 4 spell levels left.
You didn't know any spells.
Your spell library was empty.

Inventory:

Hand Weapons
 a - a +0 falchion (weapon) {long}
Missiles
 e - 18 stones {throwing}
 i - 4 poisoned darts {throwing}
Armour
 b - a +0 leather armour (worn)
Wands
 g - a wand of digging (3)
Scrolls
 c - a scroll of fog
 d - a scroll of magic mapping {!r}
 j - 2 scrolls of identify {@r1}
Potions
 k - a potion of might

Dungeon Overview and Level Annotations

Branches:
Dungeon (5/15)             Temple (0/1) D:5

Altars:

Annotations:
D:4 Edmund

........# ..( .........
........# ... ......#.
........# .... #....
........###.. #....
............ ###.#
#....⌠..w####.# #..
#....Y........# ##.
#..⌠.>nO..#############.
#.....5@..#..)..........
#....⌠............#####.
#....$.##.........## #.
#......##..........####.
#########...............
#$#.##..........
#..........<....
###.#......#####
#..#.###....


You could see a sky beast (invisible), an ogre, a necrophage, a shadow imp and a
dart slug.


Message History

You take 4 damage, and now have 51/55 hp. 😎 HP[+4]
Your hp is fully restored (55).
A quokka is nearby!
A quokka is nearby!
Found an escape hatch in the ceiling.
You hit the quokka but do no damage. The quokka bites you. x2 😕 HP[-4]
You take 4 damage, and now have 51/55 hp.
You are too injured to fight recklessly!
You are too injured to fight recklessly!
You are too injured to fight recklessly!
You are too injured to fight recklessly!
You are too injured to fight recklessly!
You are too injured to fight recklessly!
You are too injured to fight recklessly!
You are too injured to fight recklessly!
You are too injured to fight recklessly!
You are too injured to fight recklessly!
You are too injured to fight recklessly!
A quokka is nearby!
You hit the quokka but do no damage. The quokka bites you. 😕 HP[-2]
You take 2 damage, and now have 49/55 hp.
Aiming: Spit Poison (1% risk of failure)
Press: ? - help, Shift-Dir - straight line, f - quokka
Aim: a quokka (45% to hit)
The splash of poison hits the quokka.
The quokka is poisoned.
The quokka bites you but does no damage.
The quokka bites you. 😕 HP[-3]
You take 3 damage, and now have 46/55 hp.
A quokka is nearby!
A quokka is nearby!
A quokka is nearby!
You hit the quokka.
You kill the quokka!
You have got your breath back.
You now have 18 gold pieces (gained 4).
Key pressed, stopping explore.
You now have 33 gold pieces (gained 15).
Found a staircase to the Ecumenical Temple. 😎 HP[+9]
Your hp is fully restored (55).
A necrophage comes into view.
There is a fountain of clear blue water here.
A shadow imp and an ogre come into view.
The shadow imp shouts!
A sky beast comes into view.
Aiming: Spit Poison (1% risk of failure)
Press: ? - help, Shift-Dir - straight line, f - ogre
Aim: an ogre, wielding a +0 giant club (asleep, 100% to hit)
The splash of poison hits the ogre.
The ogre is poisoned.
The ogre shouts!
Throw: 6 darts (poison) {throwing}
Press: ? - help, Shift-Dir - straight line, f/p - ogre
Aim: an ogre, wielding a +0 giant club (lightly wounded, poisoned, 74% to hit)
You throw a poisoned dart {throwing}.
The poisoned dart {throwing} barely misses the ogre.
The sky beast flickers out of sight for a moment.
A dart slug comes into view.
Throw: 5 darts (poison) {throwing}
Press: ? - help, Shift-Dir - straight line, f/p - ogre
Aim: an ogre, wielding a +0 giant club (lightly wounded, poisoned, 74% to hit)
You throw a poisoned dart {throwing}.
The poisoned dart {throwing} barely misses the ogre.
You feel yourself speed up.
The ogre hits you with a +0 giant club!! 😮 HP[-22]
You take 22 damage, and now have 33/55 hp.
MASSIVE DAMAGE!! (PAUSE) Unknown command.
Unknown command.
As you read the scroll labelled LEOVVI YSOQE, it crumbles to dust.
It is a scroll of amnesia.
You feel forgetful for a moment. The necrophage barely misses you.
Unknown command.
As you read the scroll labelled YCHAIJ BEMOF, it crumbles to dust.
It is a scroll of identify.
k - a potion of might The ogre hits you with a +0 giant club!!
* * * LOW HITPOINT WARNING * * *
The necrophage hits you.
* * * LOW HITPOINT WARNING * * *
You feel drained.
* * * LOW HITPOINT WARNING * * *
The shadow imp completely misses you. 😱 HP[-28]
You now have 54 max hp (-1).
You take 28 damage, and now have 5/54 hp.
MASSIVE DAMAGE!! (PAUSE)
The ogre looks more healthy.
The dart slug launches a dart at you. The slug dart hits you.
* * * LOW HITPOINT WARNING * * *
😱 HP[-1]
You take 1 damage, and now have 4/54 hp.
The necrophage attacks as you move away!
The necrophage hits you.
You die...

Skill      XL: |  1  2  3 |
---------------+----------+-----
Fighting       | 4 5 |  5.9
Long Blades    | |  2.0
Dodging        | |  1.5
Stealth        | |  7.2

Action                   |  1- 3 |  4- 6 || total
-------------------------+-------+-------++-------
Melee: Falchion          |     3 |     7 ||    10
Throw: Dart              |     6 |     7 ||    13
 Abil: Spit Poison       |     5 |     4 ||     9
  Use: Scroll            |     1 |     2 ||     3
       Potion            |       |     1 ||     1
Armor: Leather armour    |       |     2 ||     2
Dodge: Dodged            |     3 |     4 ||     7

Levels and vault maps discovered:
D:4:      layout_basic, uniq_edmund
D:5:      layout_basic, temple_fountains, serial_shops,
          nicolae_shop_temple_entry_statues_fountains, minivault_11

Notes
Turn   | Place    | Note
-------+----------+-------------------------------------------
     0 | D:5      | spaghetti the Naga Delver began the quest for the Orb.
     0 | D:5      | Reached XP level 1. HP: 21/21 MP: 1/1
     0 | D:5      | magus.rc [v1.9.6]
   215 | D:4      | Noticed an orc priest
   215 | D:4      | Noticed an orc priest
   220 | D:5      | HP: 3/21 [orc priest/nerve-wracking pain (12)]
   224 | D:5      | Killed an orc priest
   225 | D:5      | Reached skill level 4 in Fighting
   225 | D:5      | Reached XP level 2. HP: 4/31 MP: 2/2
   225 | D:5      | Reached XP level 3. HP: 5/37 MP: 3/3
   379 | D:5      | Noticed a sky beast
   386 | D:5      | Killed a sky beast
   387 | D:5      | Reached skill level 5 in Fighting
   387 | D:5      | Reached XP level 4. HP: 23/48 MP: 4/4
   387 | D:5      | Reached XP level 5. HP: 26/55 MP: 5/5
   757 | D:4      | Noticed Edmund
   855 | D:5      | Found a staircase to the Ecumenical Temple.
   861 | D:5      | Noticed an ogre
   861 | D:5      | Noticed a sky beast
   867 | D:5      | HP: 9/55 [ogre/+0 giant club (24)]
   868 | D:5      | HP: 4/54 [dart slug/slug dart (1)]
   869 | D:5      | Slain by a necrophage

Vanquished Creatures
  A sky beast (D:5)
  An orc priest (D:5)
  An iguana (D:5)
  2 ufetubi (D:5)
  A quokka (D:5)
6 creatures vanquished.

Table legend:
 A = Non-vault XP
 B = Vault XP
 C = Vault XP percentage of total XP
 D = Non-vault monster count
 E = Vault monster count
 F = Vault count percentage of total count
                 A         B        C        D         E       F
            +---------+---------+-------+---------+---------+-------
      Total |     228 |       0 |   0.0 |       6 |       0 |   0.0
            +---------+---------+-------+---------+---------+-------
        D:5 |     228 |       0 |   0.0 |       6 |       0 |   0.0
            +---------+---------+-------+---------+---------+-------

Illustrated notes

Table legend:
 A = Kills in this place as a percentage of kills in entire the game.
 B = Kills by you in this place as a percentage of kills by you in the entire game.
 C = Kills by friends in this place as a percentage of kills by friends in the entire game.
 D = Other kills in this place as a percentage of other kills in the entire game.
 E = Experience gained in this place as a percentage of experience gained in the entire game.
 F = Experience gained in this place divided by the number of levels of this place that you have seen.
                   A       B       C       D       E      F
               +-------+-------+-------+-------+-------+----------------------
         Total | 100.0 | 100.0 |   N/A |   N/A | 100.0 | 114.0
       Dungeon | 100.0 | 100.0 |   N/A |   N/A | 100.0 | 114.0
               +-------+-------+-------+-------+-------+----------------------

Table legend: (Time is in decaauts)
 A = Elapsed time spent in this place.
 B = Non-inter-level travel time spent in this place.
 C = Inter-level travel time spent in this place.
 D = Time resting spent in this place.
 E = Time spent auto-exploring this place.
 F = Levels seen in this place.
 G = Mean time per level.
                   A        B        C        D        E       F      G
               +--------+--------+--------+--------+--------+-----+--------+
         Total |    941 |    929 |     12 |    567 |    253 |   2 |  470.5 |
       Dungeon |    941 |    929 |     12 |    567 |    253 |   2 |  470.5 |
               +--------+--------+--------+--------+--------+-----+--------+

Top non-repeatable levels by time:
     D:5: 937 daAuts
     D:4: 4 daAuts
